cohdb
Replays
Latest Replays
All Replays
Popular Replays
Top Player Replays
Match Explorer
How It Works
Community
CoH3 Stats
Reddit
Sign in to upload your games and track your stats! →
Sign in with Steam
Match 47134927
Unlisted
Match 47134927
Overview
Messages
Build Orders
End
Panzergrenadier Squad
Panzergrenadier Squad
250 Light Carrier
Construct Light Support Kompanie
Fire Support Elements
Veteran Squad Leaders
Pak 38 Mechanized Group
Flakvierling Half-track
Selects Italian Infantry
Selects Guastatori Squad
Guastatori Squad
Construct Panzerarmee Kommand
Selects Defensive Operations
Selects Registered Artillery
Registered Artillery
Pak 38 Mechanized Group
Pak 38 Anti-tank Gun Team
Selects Prepared Positions
Armored Reserves
Registered Artillery
Registered Artillery
Tiger Heavy Tank
Vehicle Survival Package
Selects Obice 305mm Barrage
Registered Artillery
Registered Artillery
Emergency Repair Kits
xxxDerOzelotxxx
Geist
Smash
DrewP
Dillbro
Truax
0
0
Comments
sign in to comment!
No comments posted yet!